 Dungeon Sprint DCSS version 0.29.1-15-g9cfb28693d (webtiles) character file.

Game seed: 9791530649417517555

391 Groucho the Trooper (level 6, 0/63 HPs)
             Began as a Naga Fighter on Apr 6, 2023.
             Was a Believer of Cheibriados.
             Slain by an orc warrior
             ... wielding a +0 long sword
              (12 damage)
             ... in the Dungeon (Sprint IX: "|||||||||||||||||||||||||||||").
             The game lasted 00:01:56 (1268 turns).

Groucho the Trooper (Naga Fighter)                  Turns: 1268, Time: 00:01:56

Health: 0/63       AC: 12    Str: 25    XL:     6   Next: 80%
Magic:  8/10       EV:  7    Int: 13    God:    Cheibriados [**....]
Gold:   0          SH:  6    Dex: 16    Spells: 5/5 levels left

rFire   . . .      SeeInvis +   l - +1 broad axe (vorpal)
rCold   . . .      Faith    .   c - +0 buckler
rNeg    . . .      Spirit   .   n - +1 chain mail
rPois   +          Reflect  .   (no helmet)
rElec   .          Harm     .   (no cloak)
rCorr   .          Rampage  .   a - +0 pair of gloves
Will    .....      NoTele   +   (no barding)
Stlth   ..........              (no amulet)
HPRegen 0.20/turn               o - +2 ring of protection
MPRegen 0.12/turn               p - +3 ring of strength

@: slowed, very slow
A: AC +2, large, see invisible, deformed body, poison resistance, slowness 2,
spit poison 1, naga tail 1
a: Spit Poison, Renounce Religion, Bend Time


You were in the Dungeon.
You worshipped Cheibriados.
Cheibriados was pleased with you.
You visited 1 branch

Inventory:

Hand Weapons
 l - a +1 vorpal broad axe (weapon)
 m - a +2 vorpal morningstar
Armour
 a - a +0 pair of gloves (worn)
 b - a +0 scale mail
 c - a +0 buckler (worn)
 n - a +1 chain mail (worn)
Jewellery
 o - a +2 ring of protection (left hand)
 p - a +3 ring of strength (right hand)
Wands
 k - a wand of light (10)
Scrolls
 i - 2 scrolls of amnesia
 j - 2 scrolls of blinking
Potions
 d - a potion of might
 e - a potion of invisibility
 g - 4 potions of curing
 h - 4 potions of magic


   Skills:
 + Level 6.8 Fighting
 + Level 6.6 Axes
 + Level 5.7 Armour
 + Level 3.0 Dodging
 - Level 0.7 Stealth
 + Level 6.1 Shields
 * Level 5.7 Invocations


You had 5 spell levels left.
You didn't know any spells.
Your spell library was empty.

Dungeon Overview and Level Annotations

Branches:
Dungeon (1/1)

Altars:
Cheibriados
Dithmenos
Elyvilon
Fedhas
Gozag
Hepliaklqana
Kikubaaqudgha
Makhleb
Nemelex Xobeh
Okawaru
Qazlal
Ru
Sif Muna
Trog
Uskayaw
Vehumet
Wu Jian
Xom
Yredelemnul
Zin
The Shining One
Jiyva
Lugonu


Innate Abilities, Weirdness & Mutations

Your serpentine skin is tough. (AC +2)
You have supernaturally acute eyesight. (SInv)
Armour fits poorly on your strangely shaped body.
Your system is resistant to poisons. (rPois)
You cover ground very slowly.
You can spit poison.
You have a snake-like lower body.


Message History

The howler monkey hoots and howls with incredible vigour!
The wraith hits you.
Okay, then.
You closely miss the wraith.
The wraith is almost destroyed.
The wraith hits you!
* * * LOW HITPOINT WARNING * * *
The wraith drains your vigour!
You feel as though you will be slow longer.
The wraith hits you but does no damage.
Unknown command.
You barely miss the wraith.
The wraith is almost destroyed.
The wraith hits you but does no damage. You block the wraith's attack.
Unknown command.
Unknown command.
You slash the wraith!
You destroy the wraith!
Cheibriados thoroughly appreciates the change of pace.
Cheibriados raises the support of your attributes as your movement slows.
The howler monkey hoots and howls with incredible vigour!
The howler monkey hits you but does no damage.
You hear an angry buzzing noise.
Your Dodging skill increases to level 3!
Your Shields skill increases to level 6!
Your Invocations skill gained 2 levels and is now at level 5!
Unknown command.
Unknown command.
You slash the howler monkey!
The howler monkey is severely wounded.
The howler monkey barely misses you.
The howler monkey hoots and howls with incredible vigour!
You hear a roar!
Unknown command.
You slash the howler monkey!
You kill the howler monkey!
Cheibriados appreciates the change of pace.
Cheibriados raises the support of your attributes as your movement slows.
The orc warrior hits you with a +0 long sword!
You die...

▓.▓
▓)▓
▓.▓
▓[▓
▓.▓
▓.▓
▓.▓
▓.▓
▓@▓
▓o▓
▓o▓
▓.▓
▓.▓
▓.▓
▓.▓
▓+▓


You could see 2 orc warriors.

Vanquished Creatures
  A wraith (D)
  An ice beast (D)
  An orc warrior (D)
  A howler monkey (D)
  A hound (D)
  An orc wizard (D)
  An ufetubus (D)
  An orc (D)
  A goblin (D)
  A hobgoblin (D)
  A jackal (D)
  A kobold (D)
  A quokka (D)
  A rat (D)
14 creatures vanquished.

Notes
Turn   | Place    | Note
-------+----------+-------------------------------------------
     0 | D        | Groucho the Naga Fighter began the quest for the Orb.
     0 | D        | Reached XP level 1. HP: 21/21 MP: 1/1
   312 | D        | Noticed a hound
   312 | D        | Noticed an ice beast
   320 | D        | Reached XP level 2. HP: 30/30 MP: 2/2
   322 | D        | Reached XP level 3. HP: 37/37 MP: 3/3
   330 | D        | Killed an ice beast
   331 | D        | Reached skill level 5 in Fighting
   331 | D        | Reached skill level 5 in Axes
   331 | D        | Reached XP level 4. HP: 36/48 MP: 4/4
   331 | D        | Reached XP level 5. HP: 41/55 MP: 5/5
   332 | D        | Reached skill level 5 in Shields
   771 | D        | Found a snail-covered altar of Cheibriados.
   771 | D        | Found a shadowy altar of Dithmenos.
   771 | D        | Found a white marble altar of Elyvilon.
   771 | D        | Found a blossoming altar of Fedhas.
   771 | D        | Found an opulent altar of Gozag.
   772 | D        | Found a hazy altar of Hepliaklqana.
   773 | D        | Found a viscous altar of Jiyva.
   774 | D        | Found an ancient bone altar of Kikubaaqudgha.
   775 | D        | Became a worshipper of Cheibriados the Contemplative
   776 | D        | Found a corrupted altar of Lugonu.
   777 | D        | Found a burning altar of Makhleb.
   778 | D        | Found a sparkling altar of Nemelex Xobeh.
   779 | D        | Found an iron altar of Okawaru.
   780 | D        | Found a stormy altar of Qazlal.
   781 | D        | Found a sacrificial altar of Ru.
   782 | D        | Found a shimmering blue altar of Sif Muna.
   783 | D        | Found a bloodstained altar of Trog.
   784 | D        | Found a hide-covered altar of Uskayaw.
   785 | D        | Found a radiant altar of Vehumet.
   786 | D        | Found an ornate altar of the Wu Jian Council.
   787 | D        | Found a shimmering altar of Xom.
   788 | D        | Found a basalt altar of Yredelemnul.
   789 | D        | Found a glowing silver altar of Zin.
   790 | D        | Found a glowing golden altar of the Shining One.
  1236 | D        | Noticed an orc warrior
  1236 | D        | Noticed a wraith
  1236 | D        | Noticed an orc warrior
  1236 | D        | Noticed an orc warrior
  1241 | D        | Killed an orc warrior
  1242 | D        | Reached skill level 5 in Armour
  1242 | D        | Reached XP level 6. HP: 38/62 MP: 5/8
  1244 | D        | Reached * piety under Cheibriados
  1262 | D        | HP: 3/62 [wraith (11)]
  1266 | D        | Killed a wraith
  1267 | D        | Reached skill level 5 in Invocations
  1268 | D        | Reached ** piety under Cheibriados
  1268 | D        | Slain by an orc warrior

Illustrated notes

Levels and vault maps discovered:
D:        linesprint [early_d, line_temple, items_1, d_10, items_2, lair_1,
          lair_end, items_3, orc_1, orc_end, items_4, d_15, swamp_1, shoals_1,
          snake_1, spider_1, d_20, vaults_1, items_5, swamp_end, shoals_end,
          snake_end, spider_end, vaults_end, d_27, items_6, zot_1, zot_end,
          crypt_end, forest_end, elf_end, slime_end, tomb_end, abyss_end,
          pan_hell_end]

Skill      XL: |  1  2  3  4  5  6 |
---------------+-------------------+-----
Shields        | 3 4 5 6 |  6.1
Axes           | 3 5 6 |  6.6
Armour         | 3 4 5 |  5.7
Fighting       | 4 5 6 |  6.8
Dodging        | 2 3 |  3.0
Invocations    | 3 5 |  5.7
Stealth        | |  0.7

Action                   |  1- 3 |  4- 6 || total
-------------------------+-------+-------++-------
Melee: War axe           |    31 |     1 ||    32
       Broad axe         |       |    28 ||    28
  Use: Potion            |     3 |     3 ||     6
Armor: Scale mail        |    15 |       ||    15
       Chain mail        |       |    13 ||    13
Dodge: Dodged            |    12 |     6 ||    18
Block: Buckler           |     9 |     9 ||    18
